Map: Dusk Towers

Players

tacomandood

  • Race: Zerg Zerg
  • League: Silver
  • Spawn Location: 7:00

Fropez - Winner!

  • Race: Protoss Protoss
  • League: Silver
  • Spawn Location: 1:00

VOD

Have the link to the VOD?

Description

Time

  • Played on: June 24, 2016, 8:23 p.m.
  • Length: 21:56
Show
View Real Time Build Order
Export as new Build Order

tacomandood Zerg 

Build Orders: Hatch First 

Get SALT Encoding   

  12  0:04  Drone  
  13  0:14  Overlord  
  13  0:17  Drone  
  14  0:33  Drone  
  15  0:36  Drone  
  16  0:47  Drone  
  17  0:57  Hatchery  
  17  0:59  Drone  
  17  1:03  Extractor  
  16  1:09  Drone  
  17  1:26  Spawning Pool  
  17  1:28  Drone  
  17  1:39  Overlord  
  17  1:42  Drone  
  18  1:52  Drone  
  19  2:34  Zergling x2  
  19  2:35  Zergling x4  
  21  2:48  Queen  
  21  2:49  Queen, Roach Warren  
  21  2:50  Metabolic Boost  
  24  3:17  Drone x3  
  24  3:18  Drone x3  
  30  3:31  Drone  
  30  3:32  Drone  
  31  4:03  Roach  
  31  4:04  Roach x2  
  36  4:18  Overlord x3  
  36  4:19  Overlord x3  
  36  4:33  Lair  
  30  4:51  Spore Crawler  
  29  4:55  Drone  
  29  4:56  Drone x5  
  29  4:57  Drone x3  
  38  5:04  Roach  
  40  5:15  Spore Crawler  
  37  5:26  Drone x3  
  40  5:36  Queen  
  42  5:43  Hydralisk Den  
  41  5:53  Overseer  
  42  5:57  Drone x5  
  42  5:58  Drone x3  
  49  6:11  Spore Crawler  
  49  6:12  Spore Crawler  
  49  6:16  Spore Crawler x2  
  45  6:22  Extractor x2  
  45  6:23  Extractor  
  42  6:33  Drone x3  
  42  6:39  Hydralisk x2  
  49  6:49  Drone  
  49  6:50  Drone x2  
  52  6:58  Hydralisk x2  
  56  7:12  Drone  
  56  7:13  Drone x3  
  56  7:14  Drone  
  56  7:15  Drone x3  
  64  7:18  Overseer  
  64  7:19  Overseer  
  64  7:25  Hydralisk x2  
  68  7:42  Queen  
  68  7:51  Spore Crawler  
  67  7:53  Overlord x4  
  67  8:10  Queen  
  67  8:11  Hatchery  
  68  8:17  Infestation Pit  
  68  8:18  Queen, Muscular Augments  
  69  8:24  Hydralisk x3  
  71  8:43  Hydralisk x5  
  81  8:52  Hydralisk  
  81  8:53  Hydralisk  
  85  9:10  Hive  
  85  9:17  Extractor  
  85  9:19  Extractor  
  85  9:23  Spire  
  82  9:24  Drone x2  
  82  9:25  Drone x5  
  89  9:50  Overlord x3  
  89  9:51  Overlord x2  
  89  10:04  Overlord x3  
  89  10:05  Overlord  
  89  10:10  Queen  
  91  10:42  Mutalisk  
  91  10:43  Mutalisk x8  
  109  10:57  Pneumatized Carapace  
  109  10:58  Spore Crawler  
  108  11:04  Overseer  
  107  11:14  Zerg Flyer Armor Level 1  
  107  11:19  Drone x2  
  107  11:20  Drone x4  
  107  11:21  Drone x5  
  107  11:22  Drone x3  
  121  11:35  Spore Crawler  
  120  11:42  Spore Crawler  
  120  11:43  Spore Crawler  
  120  11:44  Spore Crawler  
  117  11:47  Spore Crawler  
  117  11:49  Hydralisk x4  
  124  12:12  Hydralisk x5  
  124  12:13  Hydralisk  
  136  12:18  Mutalisk x2  
  140  12:35  Mutalisk x3  
  146  12:38  Overlord x3  
  146  13:08  Mutalisk x3, Zerg Flyer Weapons Level 1  
  146  13:09  Mutalisk x3  
  158  13:23  Drone x3  
  158  13:26  Drone x2  
  163  13:32  Spire  
  146  14:05  Mutalisk x4  
  146  14:06  Mutalisk x3  
  160  14:28  Spore Crawler  
  160  14:29  Spore Crawler  
  160  14:30  Hatchery  
  157  14:45  Spore Crawler  
  156  14:47  Overlord x2, Spore Crawler  
  156  14:48  Overlord x2, Spore Crawler  
  156  14:50  Drone x6  
  160  14:55  Greater Spire  
  160  14:57  Hydralisk x5  
  170  15:07  Overlord x3  
  152  15:25  Overlord x3  
  152  15:26  Overlord x2  
  150  15:34  Mutalisk x4  
  150  15:35  Mutalisk x3  
  164  15:43  Zerg Flyer Armor Level 2  
  166  16:01  Extractor  
  166  16:04  Extractor  
  162  16:05  Mutalisk x5  
  156  16:29  Corruptor x2  
  156  16:30  Corruptor x2  
  164  16:40  Drone x4, Spore Crawler  
  164  16:42  Spore Crawler  
  166  17:01  Spore Crawler  
  161  17:24  Brood Lord x3, Spore Crawler  
  161  17:25  Brood Lord  
  161  17:26  Spore Crawler  
  161  17:27  Mutalisk  
  169  17:54  Mutalisk x4  
  177  18:04  Zerg Flyer Weapons Level 2  
  177  18:18  Overseer x2  
  177  18:19  Overseer  
  177  18:23  Mutalisk x2  
  181  18:32  Drone x5  
  181  18:33  Drone  
  187  18:39  Zerg Flyer Armor Level 3  
  183  19:15  Mutalisk x5  
  183  19:16  Mutalisk  
  157  19:56  Hydralisk x12  
  139  20:13  Corruptor  
  127  20:14  Corruptor  
  103  20:31  Corruptor x2  
  103  20:36  Spore Crawler  
  103  20:38  Spore Crawler  
  100  20:53  Corruptor x3  
  103  21:09  Corruptor  
  105  21:21  Roach  
Show
View Real Time Build Order
Export as new Build Order

Fropez Protoss - Winner!

Build Orders: Oracle Opening 

Get SALT Encoding   

  12  0:12  Pylon  
  12  0:15  Probe (Chrono Boost)  
  13  0:30  Gateway  
  13  0:34  Probe (Chrono Boost)  
  14  0:40  Assimilator  
  14  0:45  Probe (Chrono Boost)  
  15  0:51  Pylon  
  15  0:55  Probe (Chrono Boost)  
  16  1:17  Cybernetics Core  
  16  1:23  Probe (Chrono Boost)  
  17  1:29  Pylon  
  17  1:44  Pylon  
  17  1:45  Probe (Chrono Boost)  
  18  1:47  Assimilator  
  18  1:59  Probe (Chrono Boost)  
  19  2:04  Adept  
  21  2:13  Probe (Chrono Boost)  
  22  2:16  Pylon  
  21  2:37  Stargate  
  21  2:49  Adept  
  21  2:51  Gateway  
  23  2:52  Probe (Chrono Boost)  
  23  2:57  Warp Gate  
  24  3:03  Probe (Chrono Boost)  
  25  3:13  Probe (Chrono Boost)  
  26  3:20  Oracle (Chrono Boost)  
  26  3:24  Probe (Chrono Boost)  
  30  3:30  Adept  
  32  3:45  Adept  
  34  4:13  Oracle (Chrono Boost)  
  35  4:21  Probe  
  36  4:27  Nexus  
  36  4:45  Phoenix (Chrono Boost)  
  31  5:23  Phoenix (Chrono Boost)  
  33  5:30  Stargate  
  33  5:34  Pylon, Probe  
  34  5:37  Assimilator  
  34  5:41  Assimilator  
  34  5:42  Pylon  
  34  5:44  Gateway  
  34  5:47  Gateway  
  34  5:50  Pylon  
  34  5:53  Phoenix (Chrono Boost)  
  36  6:13  Probe  
  36  6:14  Probe  
  36  6:15  Phoenix (Chrono Boost)  
  36  6:16  Phoenix (Chrono Boost)  
  42  6:25  Probe  
  43  6:34  Adept  
  43  6:35  Adept  
  43  6:39  Protoss Air Weapons Level 1 (Chrono Boost), Mothership Core  
  49  6:59  Phoenix (Chrono Boost)  
  51  7:02  Probe  
  51  7:03  Probe  
  53  7:15  Probe x2  
  54  7:17  Phoenix  
  57  7:23  Pylon  
  53  7:48  Phoenix  
  55  7:51  Phoenix  
  55  7:57  Pylon, Probe x2  
  59  8:02  Pylon  
  59  8:05  Pylon  
  59  8:09  Probe  
  59  8:12  Phoenix  
  60  8:16  Pylon  
  60  8:17  Phoenix  
  64  8:43  Phoenix  
  64  8:46  Phoenix  
  68  8:51  Pylon, Protoss Air Armor Level 1 (Chrono Boost)  
  68  8:55  Pylon  
  68  8:57  Probe x2  
  70  9:04  Phoenix  
  72  9:13  Phoenix  
  70  9:53  Phoenix  
  70  9:56  Phoenix  
  74  10:03  Probe x2  
  76  10:07  Stargate  
  76  10:09  Fleet Beacon  
  76  10:17  Adept  
  78  10:23  Nexus, Pylon  
  78  10:32  Adept x3  
  78  10:35  Phoenix  
  86  10:57  Protoss Air Weapons Level 2 (Chrono Boost)  
  86  11:00  Phoenix  
  86  11:01  Zealot x2  
  86  11:03  Phoenix  
  94  11:19  Assimilator  
  94  11:24  Assimilator  
  94  11:26  Probe  
  94  11:27  Probe, Gateway  
  94  11:28  Pylon  
  96  11:38  Probe  
  96  11:39  Probe  
  98  11:46  Phoenix  
  100  11:48  Anion Pulse-Crystals (Chrono Boost)  
  100  11:53  Phoenix  
  102  11:54  Probe  
  107  12:19  Void Ray  
  107  12:20  Void Ray  
  107  12:22  Void Ray  
  113  12:28  Probe  
  114  12:35  Pylon, Gateway  
  114  12:40  Pylon  
  114  12:42  Probe x2  
  114  12:43  Probe  
  117  12:54  Protoss Air Weapons Level 3  
  117  13:06  Void Ray  
  117  13:10  Void Ray  
  125  13:21  Robotics Facility  
  118  14:07  Void Ray x2 (Chrono Boost)  
  118  14:08  Void Ray (Chrono Boost)  
  118  14:09  Observer  
  131  14:31  Observer  
  132  14:46  Pylon, Void Ray (Chrono Boost)  
  132  14:47  Void Ray x2 (Chrono Boost)  
  132  14:50  Twilight Council  
  144  14:53  Pylon  
  144  15:01  Forge  
  136  15:23  Void Ray (Chrono Boost)  
  136  15:24  Void Ray (Chrono Boost)  
  144  15:41  Nexus  
  144  15:44  Assimilator  
  144  15:48  Assimilator  
  144  15:51  Pylon x2, Void Ray (Chrono Boost)  
  144  15:53  Pylon  
  148  16:07  Pylon  
  148  16:23  Pylon  
  146  16:32  Void Ray x2 (Chrono Boost)  
  158  16:33  Void Ray (Chrono Boost)  
  158  16:34  Protoss Shields Level 1  
  158  16:38  Probe x2  
  156  17:08  Probe  
  156  17:10  Probe  
  156  17:11  Probe  
  156  17:12  Probe  
  156  17:14  Void Ray x2 (Chrono Boost)  
  160  17:17  Void Ray (Chrono Boost)  
  171  17:28  Charge (Chrono Boost)  
  171  17:31  Observer  
  171  17:34  Zealot x2  
  171  17:35  Zealot x4  
  184  17:45  Gateway  
  184  17:49  Gateway  
  184  17:54  Pylon  
  184  17:57  Pylon  
  184  17:59  Photon Cannon  
  184  18:04  Void Ray  
  184  18:08  Void Ray, Photon Cannon  
  184  18:09  Void Ray  
  184  18:11  Gateway  
  192  18:15  Gateway  
  192  18:17  Gateway  
  196  18:20  Pylon  
  196  18:22  Pylon  
  195  18:45  Zealot x2  
  199  18:52  Pylon  
  199  18:53  Pylon  
  196  19:07  Zealot x2  
  196  19:08  Zealot x2  
  200  19:22  Protoss Air Armor Level 2  
  200  19:24  Protoss Shields Level 2  
  166  19:58  Zealot x2  
  166  19:59  Zealot x6  
  178  20:00  Zealot  
  161  20:08  Void Ray x2  
  161  20:14  Void Ray  
  172  20:35  Observer  
  173  20:45  Void Ray  
  173  20:46  Void Ray  
  173  20:48  Nexus  
  173  20:56  Void Ray  
  173  20:57  Observer  
  182  21:21  Observer  
Tags
 
Add a new tag
Caveats
  • Supply blocks, unpowered buildings, or Contaminate may cause inaccurate times.
  • Supply counts are checked every 10 seconds.